[Event "Team women final 2016"]
[Site "Sochi"]
[Date "2016.05.02"]
[Round "2.3"]
[White "Belenkaya, Dina"]
[Black "Kashlinskaya, Alina"]
[Result "0-1"]
[ECO "C07"]
[WhiteElo "2289"]
[BlackElo "2466"]
[PlyCount "60"]
[EventDate "2016.??.??"]
[WhiteTeam "SDUSSHOR"]
[BlackTeam "Legacy"]
[TimeControl "6000+1430"]
[WhiteClock "0:00:47"]
[BlackClock "0:07:16"]

1. e4 e6 2. d4 d5 3. Nd2 c5 4. exd5 Qxd5 5. dxc5 Bxc5 6. Ngf3 Nf6 7. Bd3 O-O 8.
Qe2 Nbd7 9. Ne4 b6 10. Nxc5 Nxc5 11. Bc4 Qc6 12. O-O Bb7 13. Rd1 a6 14. Qe1
Rfe8 15. Bf1 Ncd7 16. c4 e5 17. b3 Qc7 18. Qc3 Nc5 19. Bb2 Ng4 20. Nd2 Rad8 21.
h3 {[#]} Nxf2 22. Re1 (22. Kxf2 Rxd2+ 23. Rxd2 Ne4+) 22... Ncd3 23. Ba3 Qc6 24.
Re3 Qg6 25. Kh2 Qg5 26. Re2 Qf4+ 27. g3 Qh6 28. Bc1 Qc6 29. Ne4 Nxe4 30. Qc2
Nef2 0-1

[Event "Team women final 2016"]
[Site "Sochi"]
[Date "2016.05.07"]
[Round "6.4"]
[White "Balaian, Alina"]
[Black "Fatianova, Tatiana"]
[Result "1-0"]
[ECO "B12"]
[WhiteElo "2230"]
[BlackElo "2225"]
[PlyCount "69"]
[EventDate "2016.??.??"]
[WhiteTeam "SDUSSHOR"]
[BlackTeam "Boavishta"]
[TimeControl "6000+810"]
[WhiteClock "0:37:06"]
[BlackClock "0:00:47"]

1. e4 c6 2. d4 d5 3. f3 e6 4. Nc3 Bb4 5. a3 Bxc3+ 6. bxc3 dxe4 7. Qe2 exf3 8.
Nxf3 Nf6 9. Qe3 Qa5 10. Bd2 Nbd7 11. Bd3 O-O 12. O-O Qh5 13. Ng5 h6 14. Ne4 Ng4
15. Qg3 Kh8 16. h3 Ngf6 17. Nd6 Ne8 {[#]} 18. Nxf7+ Qxf7 (18... Rxf7 19. Bg6
Rxf1+ 20. Rxf1 Qe2 21. Bxh6 gxh6 22. Rf7) 19. Rxf7 Rxf7 20. Qg6 Kg8 21. Qh7+
Kf8 22. Bg6 Ndf6 23. Qh8+ Ke7 24. Bxf7 Kxf7 25. Rf1 a5 26. g4 b6 27. h4 Ke7 28.
g5 hxg5 29. hxg5 Nd7 30. Qg8 Bb7 31. Rf7+ Kd8 32. Rxg7 c5 33. Rh7 Kc7 34. Qxe6
Bc6 35. Bf4+ 1-0